 Dungeon Crawl Stone Soup version 0.15.1-4-gac8487e (webtiles) character file.

485 Johnny the Chiller (level 6, -8/48 HPs)
             Began as a Demigod Ice Elementalist on Oct 14, 2014.
             Mangled by a wyvern (12 damage)
             ... on Level 5 of the Dungeon.
             The game lasted 00:08:51 (4563 turns).

Johnny the Chiller (Demigod Ice Elementalist)       Turns: 4563, Time: 00:08:51

HP  -8/48        AC  6     Str 11      XL: 6   Next: 57%
MP   9/16        EV  9     Int 22      God:
Gold 316         SH  0     Dex 18      Spells:  2 memorised,  6 levels left

rFire  . . .     SeeInvis +     j - +5 long sword of Plunder {slice, rN+ SInv}
rCold  . . .     Clarity  .     a - +0 ring mail
rNeg   + . .     rCorr    .     (no shield)
rPois  .         rRot     .     (no helmet)
rElec  .         Spirit   .     (no cloak)
SustAb .         Warding  .     (no gloves)
rMut   .         Stasis   .     x - +0 pair of boots
Gourm  .                        (no amulet)
MR     .....                    (no ring)
                                (no ring)

@: not resistant to hostile enchantments, unstealthy
A: no striking features
a: no special abilities


You were on level 5 of the Dungeon.
You were hungry.

You visited 1 branch of the dungeon, and saw 5 of its levels.

You collected 316 gold pieces.

Inventory:

Hand weapons
 j - the +5 long sword of Plunder (weapon) {slice, rN+ SInv}
   (You found it on level 4 of the Dungeon)

   It inflicts extra damage upon your enemies.
   It protects you from negative energy.
   It enhances your eyesight.
 l - a +1 spear of freezing
 z - a +2 dagger of venom
Armour
 a - a +0 ring mail (worn)
 x - a +0 pair of boots (worn)
Magical devices
 u - a wand of enslavement (9)
Comestibles
 c - 4 bread rations
 d - 4 slices of pizza
 h - 2 meat rations
Scrolls
 e - a scroll of remove curse
 g - a scroll of fear
 i - a scroll of enchant weapon
 k - a scroll of enchant armour
 p - a scroll of amnesia {unknown}
 r - 2 scrolls of recharging {unknown}
 t - a scroll of teleportation {unknown}
Jewellery
 y - a cursed ring of teleportation {unknown}
Potions
 f - 2 potions of restore abilities
 m - a potion of lignification
 n - a potion of curing
 o - 2 potions of cancellation
 q - 2 potions of haste
 s - a potion of flight
 w - a potion of porridge
Books
 b - a book of Frost

   Spells                             Type                      Level
   *Freeze                            Ice                          1
   Throw Frost                        Conjuration/Ice              2
   Ozocubu's Armour                   Charms/Ice                   3
   Throw Icicle                       Conjuration/Ice              4
   *Summon Ice Beast                  Ice/Summoning                4
   Condensation Shield                Ice                          4


   Skills:
 * Level 1.6 Fighting
 * Level 0.8 Long Blades
 + Level 1.2 Armour
 + Level 2.6 Dodging
 + Level 3.0 Stealth
 * Level 3.0 Spellcasting
   Level 0.8 Conjurations
 * Level 1.6 Summonings
 * Level 4.2 Ice Magic
 + Level 1.2 Evocations


You had 6 spell levels left.
You knew the following spells:

 Your Spells              Type           Power        Failure   Level  Hunger
a - Freeze                Ice            ###.         3%          1    None
b - Summon Ice Beast      Ice/Summ       ###.....     67%         4    ####...


Dungeon Overview and Level Annotations

Branches:
Dungeon (5/15)
 Temple: D:4-7


Message History

Confirm with . or Enter, or press ? or * to list all spells.
A chill wind blows around you.
You are feeling hungry.
Casting: Summon Ice Beast
Confirm with . or Enter, or press ? or * to list all spells.
A chill wind blows around you.
Unknown command.
The wyvern bites you!
Unknown command.
Your ring mail prevents you from hitting the wyvern.
The wyvern bites you! x2
* * * LOW HITPOINT WARNING * * *
Your ice beast hits the wyvern.
Your ice beast freezes the wyvern!
Unknown command.
Your ice beast barely misses the wyvern.
Your ice beast hits the wyvern.
Your ice beast freezes the wyvern!
The wyvern bites you.
* * * LOW HITPOINT WARNING * * *
The wyvern bites you!
You die...

#........# #..........#...##
#..#.....###..........'...##
#.....................#..###
#.##........................
.
....<#....############.#.....
#......#..........# #.#.....
.....# ######..Y..# .#.#....[
.... +..D..+ ...'....... ...#
#..Y@.##.....#+##.... ...#
##+##......#......... .(.#
#.......#......... ...#
#.......'......... ..##
#.......#....).... ....
#.#...#.######.... ..# ..
...#.######.... .. #. ....
#....#'### ...
#.#.#.###.........


You could see a wyvern and 2 friendly ice beasts.

Vanquished Creatures
  3 crimson imps
  An iguana (D:5)
  4 worker ants (D:4)
  Terence (D:2)
  8 adders
  A shadow imp (D:5)
  3 worms
  3 giant geckos
  An ooze (D:2)
  5 orcs (D:4)
  3 ball pythons
  3 bats
  10 goblins
  6 hobgoblins
  8 kobolds
  3 giant cockroaches
  A giant newt skeleton (D:4)
  An orc skeleton (D:4)
  2 quokkas
  19 rats
86 creatures vanquished.

Vanquished Creatures (collateral kills)
  A phantom (D:5)
1 creature vanquished.

Grand Total: 87 creatures vanquished

Notes
Turn   | Place    | Note
--------------------------------------------------------------
     0 | D:1      | Johnny, the Demigod Ice Elementalist, began the quest for the Orb.
     0 | D:1      | Reached XP level 1. HP: 14/14 MP: 3/3
   489 | D:1      | Reached XP level 2. HP: 17/20 MP: 0/5
   851 | D:2      | Noticed Terence
  1254 | D:2      | Killed Terence
  1254 | D:2      | Reached skill level 3 in Ice Magic
  1254 | D:2      | Reached XP level 3. HP: 4/27 MP: 0/8
  1786 | D:3      | Reached skill level 1 in Fighting
  2257 | D:3      | Reached XP level 4. HP: 35/35 MP: 10/10
  2263 | D:3      | Learned a level 4 spell: Summon Ice Beast
  2429 | D:4      | Reached skill level 1 in Armour
  2835 | D:4      | Reached XP level 5. HP: 37/40 MP: 9/12
  3070 | D:4      | Reached skill level 1 in Summonings
  3659 | D:4      | Noticed a moth of wrath
  3665 | D:4      | Found a bloodstained altar of Trog.
  3886 | D:4      | Got a jewelled long sword
  3887 | D:4      | Identified the +5 long sword of Plunder {slice, rN+ SInv} (You found it on level 4 of the Dungeon)
  3920 | D:5      | Entered Level 5 of the Dungeon
  3970 | D:5      | Reached XP level 6. HP: 44/47 MP: 14/16
  4225 | D:5      | Reached skill level 1 in Evocations
  4338 | D:5      | Reached skill level 4 in Ice Magic
  4460 | D:5      | Got an ancient leather armour
  4471 | D:5      | Identified the cursed -2 leather armour of the City {Stlth+} (You found it on level 5 of the Dungeon)
  4507 | D:5      | Noticed a phantom
  4524 | D:5      | Killed a phantom
  4557 | D:5      | Noticed a wyvern
  4563 | D:5      | Mangled by a wyvern

Action                   |  1- 3 |  4- 6 || total
-------------------------+-------+-------++-------
Melee: Unarmed           |     9 |       ||     9
       Spear             |   103 |   117 ||   220
       Long sword        |       |    35 ||    35
 Cast: Freeze            |    30 |    43 ||    73
       Summon Ice Beast  |       |     3 ||     3
Evoke: Wand              |       |     1 ||     1
  Use: Potion            |     1 |       ||     1
       Scroll            |     5 |     6 ||    11
 Stab: Sleeping          |     3 |       ||     3
  Eat: Chunk             |     4 |     8 ||    12
